 Dungeon Sprint DCSS version 0.24.1-14-gf8d2b509d9 (webtiles) character file.

Game seed: 15230965151023828209, levelgen mode: deterministic

49 sahdkjhfkaj the Gusty (level 3, -5/24 HPs)
             Began as a Barachi Air Elementalist on Nov 18, 2020.
             Slain by a water elemental (15 damage)
             ... in the Dungeon (Sprint III: "The Ten Rune Challenge").
             The game lasted 00:01:14 (429 turns).

sahdkjhfkaj the Gusty (Barachi Air Elementalist)     Turns: 429, Time: 00:01:15

Health: -5/24      AC:  2    Str:  9    XL:     3   Next: 77%
Magic:  0/9        EV: 12    Int: 16    God:
Gold:   46         SH:  0    Dex: 12    Spells: 5/11 levels left

rFire    . . .     SeeInvis .   (no weapon)
rCold    . . .     Gourm    .   (no shield)
rNeg     . . .     Faith    .   a - +0 robe
rPois    .         Spirit   .   (no helmet)
rElec    .         Reflect  .   (no cloak)
rCorr    .         Harm     .   (no gloves)
MR       .....     NoTele   +   (no boots)
Stlth    ++........             (no amulet)
HPRegen  0.08/turn              (no ring)
MPRegen  0.11/turn              (no ring)

@: slow
A: +LOS, swims, slowness 1, strong legs 1
a: Hop


You were in the Dungeon.
You were not hungry.

You visited 1 branch You collected 46 gold pieces.

Inventory:

Armour
 a - a +0 robe (worn)
Scrolls
 i - a scroll of blinking {!r}
 k - 2 scrolls of torment {!r, unknown}
 l - 4 scrolls of identify {!r}
 m - 3 scrolls of remove curse {!r}
Potions
 d - a potion of curing {!q}
 e - a potion of heal wounds {!q}
 f - a potion of haste {!q}
 g - 2 potions of magic {!q}
 h - a potion of berserk rage {!q}
 j - 6 potions of mutation {!q}
 n - 3 potions of flight {!q}
Comestibles
 b - 3 chunks of flesh
 c - 3 rations


   Skills:
 - Level 2.1 Dodging
 - Level 1.7 Stealth
 + Level 4.5 Spellcasting
 + Level 4.4 Conjurations
 + Level 5.5 Air Magic


You had 5 spell levels left.
You knew the following spells:

 Your Spells              Type           Power        Failure   Level  Hunger
a - Shock                 Conj/Air       ###.         1%          1    None
A - Static Discharge      Conj/Air       ###.....     6%          3    ###....
W - Swiftness             Chrm/Air       ##......     8%          2    ##.....

Your spell library contained the following spells:

 Spells                   Type           Power        Failure   Level  Hunger
 Airstrike                Air            ###.......   16%         4    ####...
 Lightning Bolt           Conj/Air       ###.......   50%         5    ######.


Dungeon Overview and Level Annotations

Branches:
Dungeon (1/1)

Altars:


Innate Abilities, Weirdness & Mutations

Shadows flee at your approach. (+LOS)
You can swim through water.
You cover ground slowly.
You can hop short distances.


Message History

The water elemental hits you!
Ouch! That really hurt!
* * * LOW HITPOINT WARNING * * *
The water elemental engulfs you in water!
Unknown command.
Casting: Static Discharge (safe; 6% risk of failure)
Confirm with . or Enter, or press ? or * to list all spells.
The air crackles with electrical energy.
The water elemental closely misses you.
Unknown command.
Unknown command.
You slip free of the water engulfing you.
The water engulfing you falls away.
There is an open door to the Ecumenical Temple here.
Casting: Static Discharge (safe; 6% risk of failure)
Confirm with . or Enter, or press ? or * to list all spells.
Okay, then.
The water elemental hits you!
Ouch! That really hurt!
You die...

▓▓▓▓▓▓▓▓▓▓▓ ▓▓▓ <.#..'....♣
♣.# ..#..#....♣♣♣ ♣♣.#
#'####....♣.♣ ♣..#
.....#....≈.♣♣♣..###+#+###+
÷...÷#...≈≈......#.........
.....#..≈≈≈≈.♣♣..E.⌠.......
####)#..≈≈≈≈≈≈..@#...######
....÷#.≈≈≈≈≈≈....#.⌠.#
.....#.≈≈≈≈≈.....#...#
.....#.≈≈≈.......#+###
'#####...........#
.÷...............#
▓▓▓▓▓▓▓▓▓▓▓▓▓▓▓▓▓▓


You could see a water elemental.

Vanquished Creatures
  Jessica (D)
  A human (D)
  A phantom (D)
  3 rats (D)
6 creatures vanquished.

Vanquished Creatures (others)
  2 draconian scorchers (D)
  6 hellions (D)
  A yaktaur (D)
  3 plants (D)
12 creatures vanquished.

Grand Total: 18 creatures vanquished

Notes
Turn   | Place    | Note
-------+----------+-------------------------------------------
     0 | D        | sahdkjhfkaj the Barachi Air Elementalist began the quest
                  | for the Orb.
     0 | D        | Reached XP level 1. HP: 13/13 MP: 3/3
    52 | D        | Noticed Jessica
    83 | D        | Killed a hellion
    86 | D        | Killed a hellion
    87 | D        | Killed Jessica
    87 | D        | Reached skill level 5 in Air Magic
    87 | D        | Reached XP level 2. HP: 12/19 MP: 0/7
    87 | D        | Reached XP level 3. HP: 15/24 MP: 0/8
    87 | D        | Killed a hellion
    87 | D        | Killed a hellion
   151 | D        | Killed a hellion
   152 | D        | Killed a yaktaur
   157 | D        | Killed a hellion
   205 | D        | Killed a white draconian scorcher
   214 | D        | Learned a level 2 spell: Swiftness
   216 | D        | Killed a white draconian scorcher
   218 | D        | Learned a level 3 spell: Static Discharge
   422 | D        | Noticed a water elemental
   429 | D        | Slain by a water elemental

Levels and vault maps discovered:
D:        dungeon_sprint_mu [sprint_mu_entry_forest, sprint_mu_temple_rooms,
          sprint_mu_d1_spiders, sprint_mu_d2_genie, sprint_mu_d3_branching,
          sprint_mu_orc_legion, sprint_mu_elf_gauntlet, sprint_mu_hive_nellie,
          sprint_mu_lair_fedhas, sprint_mu_vaults_butterflies,
          sprint_mu_slime_circle, sprint_mu_swamp_cave, sprint_mu_snake_twists,
          sprint_mu_blade_basic, sprint_mu_crypt_chambers,
          sprint_mu_tomb_spiral, sprint_mu_vestibule_basic,
          sprint_mu_gehenna_hellfire, sprint_mu_dis_giant,
          sprint_mu_tartarus_statrot, sprint_mu_cocytus_islands, sprint_mu_zot1]

Skill      XL: |  1  2  3 |
---------------+----------+-----
Spellcasting   | 4 |  4.5
Conjurations   | 3 4 |  4.4
Air Magic      | 5 |  5.5
Dodging        | |  2.1
Stealth        | |  1.7

Action                   || total
-------------------------++-------
 Cast: Shock             ||    21
       Static Discharge  ||     3
Dodge: Dodged            ||     4
